 Dungeon Crawl Stone Soup version 0.29.1-13-g9f3cf754e1 (webtiles) character file.

Game seed: 4597047862414702051

5915 Nickssm the Basher (level 10, -6/89 HPs)
             Began as a Grey Draconian Conjurer on Jan 19, 2023.
             Was a Believer of Vehumet.
             Mangled by a hornet (9 damage)
             ... on level 10 of the Dungeon.
             The game lasted 00:50:54 (10264 turns).

Nickssm the Basher (Grey Draconian Conjurer)       Turns: 10264, Time: 00:50:57

Health: -6/89      AC: 14    Str: 15    XL:     10   Next: 53%
Magic:  7/20       EV: 11    Int: 29    God:    Vehumet [**....]
Gold:   430        SH:  3    Dex: 10    Spells: 16/23 levels left

rFire   . . .      SeeInvis .   g - +1 whip (elec)
rCold   . . .      Faith    .   K - +0 buckler
rNeg    . . .      Spirit   .   (body armour unavailable)
rPois   .          Reflect  .   (helmet restricted)
rElec   .          Harm     .   m - +0 cloak
rCorr   .          Rampage  .   (no gloves)
Will    .....                   w - +0 pair of boots
Stlth   ++........              (no amulet)
HPRegen 0.24/turn               x - +6 ring of intelligence
MPRegen 0.17/turn               z - +6 ring of strength

@: lethally poisoned (-6 -> -9), slowed, very slow
A: AC +12, amphibious, unfitting armour, cold-blooded
a: Renounce Religion


You were on level 10 of the Dungeon.
You worshipped Vehumet.
Vehumet was pleased with you.
You visited 2 branches of the dungeon, and saw 11 of its levels.

You collected 555 gold pieces.
You spent 125 gold pieces at shops.

Inventory:

Hand Weapons
 c - a +0 dagger
 g - a +1 whip of electrocution (weapon)
Missiles
 k - a throwing net
Armour
 m - a +0 cloak (worn)
 w - a +0 pair of boots (worn)
 K - a +0 buckler (worn)
Jewellery
 h - a ring of ice
 s - a ring of positive energy
 x - a +6 ring of intelligence (left hand)
 z - a +6 ring of strength (right hand)
 J - a ring of protection from cold
Wands
 p - a wand of roots (24)
 y - a wand of flame (23)
 C - a wand of mindburst (4)
 F - a wand of quicksilver (7)
 I - a wand of charming (10)
Scrolls
 e - 3 scrolls of blinking {unknown}
 f - 3 scrolls of teleportation
 j - 6 scrolls of identify
 l - 3 scrolls of butterflies {unknown}
 o - 2 scrolls of poison {unknown}
 q - a scroll of torment {unknown}
 t - a scroll of enchant weapon {unknown}
 B - 2 scrolls of amnesia {unknown}
 D - 3 scrolls of fear {unknown}
 E - a scroll of noise {unknown}
Potions
 a - a potion of magic
 b - 3 potions of flight
 d - a potion of haste
 i - a potion of might {unknown}
 n - 2 potions of ambrosia
 r - 3 potions of cancellation
 v - 2 potions of resistance {unknown}
 A - a potion of attraction
 G - 2 potions of lignification {unknown}
 H - a potion of brilliance {unknown}


   Skills:
 + Level 8.3 Fighting
 + Level 10.0 Maces & Flails
 - Level 1.7 Dodging
 - Level 1.7 Stealth
 + Level 1.3 Shields
 + Level 7.2 Spellcasting
 - Level 5.2 Conjurations
 + Level 5.6 Earth Magic


You had 16 spell levels left.
You knew the following spells:

 Your Spells              Type           Power      Damage    Failure   Level
a - Magic Dart            Conj           100%       1d8       1%          1
b - Dazzling Flash        Conj/Hex       50%        N/A       7%          3
c - Searing Ray           Conj           80%        2d7       1%          2
d - Shock                 Conj/Air       100%       1d9       2%          1

Your spell library contained the following spells:

 Spells                   Type           Power      Damage    Failure   Level
 Poisonous Vapours        Pois/Air       20%        N/A       10%         2
 Apportation              Tloc           20%        N/A       7%          1
 Necrotise                Necr           40%        1d6       7%          1
 Summon Small Mammal      Summ           40%        N/A       7%          1
 Lee's Rapid Deconstruct  Erth           21%        3d13*     19%         5
 Swiftness                Air            10%        N/A       21%         3
 Leda's Liquefaction      Hex/Erth       13%        N/A       21%         4
 Fulminant Prism          Conj/Hex       12%        3d9       22%         4
 Iskenderun's Mystic Bla  Conj/Tloc      25%        2d7       22%         4
 Irradiate                Conj/Tmut      12%        3d15      52%         5
 Airstrike                Air            5%         2d(1-17)  54%         4
 Alistair's Intoxication  Tmut/Pois      6%         N/A       88%         5
 Blade Hands              Tmut           5%         N/A       88%         5
 Statue Form              Tmut/Erth      17%        N/A       97%         6
 Dragon Form              Tmut           5%         N/A       100%        7


Dungeon Overview and Level Annotations

Branches:
Dungeon (10/15)            Temple (1/1) D:6            Lair (0/5) D:8
    Orc: D:9-12

Altars:
Ashenzari
Cheibriados
Elyvilon
Fedhas
Hepliaklqana
Kikubaaqudgha
Makhleb
Okawaru
Qazlal
Sif Muna
Trog
Uskayaw
Vehumet
Wu Jian
Zin
The Shining One

Shops:
D:5 *


Innate Abilities, Weirdness & Mutations

Your dull iron-grey scales are very hard. (AC +12)
You are amphibious.
You cannot fit into any form of body armour.
You are cold-blooded and may be slowed by cold attacks.


Message History

(Press . to maintain the ray.)
You block the hornet's attack. The hornet closely misses you.
Unknown command.
The searing ray misses the hornet.
The hornet stings you but does no damage.
The searing ray hits the hornet but does no damage.
The hornet is heavily wounded.
The hornet stings you but does no damage. x2
The searing ray hits the hornet.
The hornet is severely wounded.
You finish channelling your searing ray.
The hornet barely misses you.
Casting: Searing Ray (safe; 1% risk of failure)
Confirm with . or Enter, or press ? or * to list all spells.
Aiming: Searing Ray (safe; 1% risk of failure)
Press: ? - help, Shift-Dir - straight line, f/p - hornet
Aim: a hornet (severely wounded, 73% to hit)
The searing ray hits the hornet.
The hornet is severely wounded. (Press . to maintain the ray.)
The hornet closely misses you. The hornet stings you!
* * * LOW HITPOINT WARNING * * *
You are poisoned.
You feel yourself slow down.
The searing ray hits the hornet.
The hornet is severely wounded.
You feel very sick.
The hornet stings you but does no damage. x2
The searing ray misses the hornet.
You feel yourself speed up.
You feel sick. The hornet barely misses you. The hornet stings you.
* * * LOW HITPOINT WARNING * * *
You feel yourself slow down.
The searing ray misses the hornet.
You finish channelling your searing ray.
You feel sick. The hornet stings you.
* * * LOW HITPOINT WARNING * * *
You feel as though you will be slow longer.
The hornet stings you!
You die...

.# .# .# .# ##.# #.. ###.#
... ######..@#####.... ##
.......y##........ ..
######............ ..
#####.#.##....... ........
.......h##....... .^.....#
#####............
..[....## ###.##.....[!..
........# .........#......
.........#.#.....#.#(.....


You could see a hornet.

Vanquished Creatures
  A hornet (D:9)
  Prince Ribbit (D:5)
  A shadow (D:8)
  A wyvern (D:9)
  9 yaks (D:9)
  A steam dragon (D:6)
  4 water moccasins
  Duvessa (D:6)
  A sky beast (D:6)
  2 black bears
  2 orc warriors (D:7)
  2 ogres (D:6)
  3 centaurs
  A kobold brigand (D:6)
  A bullfrog (D:7)
  2 necrophages
  2 gnoll sergeants (D:9)
  4 scorpions
  Dowan (D:6)
  8 wights (D:8)
  7 killer bees (D:9)
  3 howler monkeys
  3 orc priests
  4 hounds
  4 jellies
  2 iguanas
  11 orc wizards
  12 gnolls
  5 adders
  3 white imps
  An ufetubus (D:7)
  A worm (D:3)
  4 dart slugs
  27 orcs
  4 bats
  3 endoplasms
  5 giant cockroaches
  8 goblins
  8 hobgoblins
  6 jackals
  11 kobolds
  2 quokkas (D:1)
  7 ball pythons
  A rat (D:3)
190 creatures vanquished.

Notes
Turn   | Place    | Note
-------+----------+-------------------------------------------
     0 | D:1      | Nickssm the Draconian Conjurer began the quest for the Orb.
     0 | D:1      | Reached XP level 1. HP: 14/14 MP: 3/3
   254 | D:1      | Reached skill level 1 in Fighting
   254 | D:1      | Reached XP level 2. HP: 21/23 MP: 0/5
   587 | D:1      | Reached XP level 3. HP: 28/28 MP: 2/6
  1198 | D:1      | Learned a level 3 spell: Dazzling Flash
  1201 | D:1      | Learned a level 2 spell: Searing Ray
  1736 | D:2      | Reached XP level 4. HP: 36/36 MP: 5/8
  2144 | D:3      | Reached skill level 1 in Maces & Flails
  2452 | D:3      | Found a glowing silver altar of Zin.
  2616 | D:3      | Found a faded altar of an unknown god.
  2634 | D:3      | Found a burning altar of Makhleb.
  3388 | D:4      | Noticed a scorpion
  3391 | D:4      | Killed a scorpion
  3392 | D:4      | Reached XP level 5. HP: 44/44 MP: 4/9
  3399 | D:4      | Reached skill level 5 in Conjurations
  3624 | D:4      | Reached skill level 2 in Maces & Flails
  3672 | D:4      | Found a stormy altar of Qazlal.
  3672 | D:4      | Noticed a water elemental
  3679 | D:4      | Reached XP level 6. HP: 51/51 MP: 4/11
  3735 | D:4      | Noticed a fire elemental
  3735 | D:4      | Noticed an air elemental
  4466 | D:5      | Entered Level 5 of the Dungeon
  4466 | D:5      | Found a blossoming altar of Fedhas.
  4514 | D:5      | Found a radiant altar of Vehumet.
  4523 | D:5      | Reached skill level 3 in Maces & Flails
  4577 | D:5      | Your scales start taking on a dull iron-grey colour.
  4577 | D:5      | Reached XP level 7. HP: 32/59 MP: 1/13
  4709 | D:5      | Reached skill level 4 in Maces & Flails
  4786 | D:5      | Found a bloodstained altar of Trog.
  4793 | D:5      | Found a shimmering blue altar of Sif Muna.
  4807 | D:5      | Became a worshipper of Vehumet
  5018 | D:5      | Found Wadgh's Assorted Antiques.
  5055 | D:5      | Noticed Prince Ribbit
  5064 | D:5      | Killed Prince Ribbit
  5065 | D:5      | Reached skill level 5 in Fighting
  5065 | D:5      | Reached skill level 5 in Maces & Flails
  5065 | D:5      | Reached XP level 8. HP: 53/68 MP: 5/15
  5136 | D:5      | Bought a steel ring for 125 gold pieces
  5513 | D:6      | Found a staircase to the Ecumenical Temple.
  5677 | D:6      | Reached skill level 6 in Maces & Flails
  5677 | D:6      | Reached skill level 5 in Spellcasting
  5835 | D:6      | Noticed Duvessa
  5835 | D:6      | Noticed Dowan
  5871 | D:6      | Killed Duvessa
  5892 | Temple   | Entered the Ecumenical Temple
  5984 | D:6      | Killed Dowan
  6019 | D:6      | Learned a level 1 spell: Shock
  6313 | D:6      | Noticed a two-headed ogre
  6335 | D:6      | Reached skill level 7 in Maces & Flails
  6517 | D:7      | Reached * piety under Vehumet
  6517 | D:7      | Offered knowledge of Sandblast by Vehumet.
  6518 | D:7      | Reached XP level 9. HP: 77/78 MP: 13/17
  6568 | D:7      | Reached skill level 1 in Earth Magic
  6624 | D:7      | Found a broken altar of Ashenzari.
  6627 | D:7      | Found a hide-covered altar of Uskayaw.
  6862 | D:7      | Reached skill level 8 in Maces & Flails
  7738 | D:8      | Found a staircase to the Lair.
  7921 | D:8      | Offered knowledge of Scorch by Vehumet.
  7932 | D:8      | Reached ** piety under Vehumet
  8313 | D:8      | Reached skill level 9 in Maces & Flails
  8767 | D:9      | Reached XP level 10. HP: 84/88 MP: 13/20
  9392 | D:9      | Found an iron altar of Okawaru.
  9443 | D:9      | Offered knowledge of Poisonous Vapours by Vehumet.
  9444 | D:9      | Reached skill level 5 in Earth Magic
  9811 | D:9      | Found an ornate altar of the Wu Jian Council.
  9854 | D:9      | Reached skill level 1 in Shields
 10112 | D:10     | Entered Level 10 of the Dungeon
 10172 | D:10     | Noticed a gargoyle
 10174 | D:10     | HP: 4/89 [centaur/arrow (7)]
 10223 | D:10     | Found a white marble altar of Elyvilon.
 10245 | D:10     | Reached skill level 10 in Maces & Flails
 10264 | D:10     | HP: 3/89 [hornet (3)]
 10264 | D:10     | Mangled by a hornet

Illustrated notes

Levels and vault maps discovered:
D:1:      spicycebolla_green_bress_n_ham, layout_rooms, serial_aquarium,
          aquarium_bridge_square [aquarium_subvault_wall,
          aquarium_subvault_bridge, aquarium_subvault_window,
          aquarium_subvault_bridge], aquarium_window_corner, aquarium_window_1,
          aquarium_window_fake, aquarium_window_corner, aquarium_view_2b,
          aquarium_view_2c, aquarium_balcony_5a, aquarium_pool_1, minivault_19
D:2:      layout_loops_ring, dk_noncrumbling_3, minivault_19
D:3:      layout_basic, lemuel_crystal_altar, mainiacjoe_overflow_paths,
          hellmonk_ecumenical_altar_inner_sanctum, uniq_crazy_yiuf_cottage
D:4:      layout_basic, nicolae_qazlal_style_of_elements,
          eino_small_chamber_without_monster, item_on_display_a
D:5:      layout_rooms, mainiacjoe_overflow_catwalk,
          chequers_temple_overflow_statue_of_worship,
          mainiacjoe_overflow_brackets, serial_shops, shop,
          kennysheep_generic_room_14, uniq_prince_ribbit1
D:6:      layout_basic, minmay_temple_entry_glass, grunt_decor_resistance,
          minmay_manual_mess, uniq_duvessa
D:7:      layout_basic, mainiacjoe_overflow_boulevard,
          overflow_temple_1_default, kennysheep_nondescript
D:8:      layout_cave_pools, lair_entry_dummy
D:9:      layout_loops_corners, nicolae_wu_jian_immortal_techniques,
          amcnicky_altar_gilded
D:10:     cheibrodos_statue_roulette, layout_rooms, elyvilon_altar_5,
          kennysheep_little_box, mainiacjoe_overflow_alcove_4
Temple:   hellmonk_temple_two_chambers

Skill      XL: |  1  2  3  4  5  6  7  8  9 10 |
---------------+-------------------------------+-----
Fighting       | 1 2 3 4 5 6 7 8 |  8.3
Maces & Flails | 1 2 3 5 7 9 10 | 10.0
Spellcasting   | 3 4 5 6 7 |  7.2
Conjurations   | 5 |  5.2
Earth Magic    | 4 5 |  5.6
Shields        | 1 |  1.3
Dodging        | |  1.7
Stealth        | |  1.7

Action                   |  1- 3 |  4- 6 |  7- 9 | 10-12 || total
-------------------------+-------+-------+-------+-------++-------
Melee: Club              |    23 |       |       |       ||    23
       Tailslap          |     5 |    10 |    36 |    20 ||    71
       Whip              |    12 |    51 |   183 |    99 ||   345
       Dagger            |     9 |       |       |       ||     9
       Punch             |       |       |     6 |       ||     6
 Cast: Magic Dart        |    64 |    46 |    35 |    25 ||   170
       Searing Ray       |       |    12 |    31 |    15 ||    58
       Shock             |       |       |    53 |       ||    53
       Dazzling Flash    |       |       |     1 |     1 ||     2
Evoke: Wand              |       |       |       |     1 ||     1
  Use: Scroll            |       |     1 |     3 |     4 ||     8
       Potion            |       |       |       |     5 ||     5
 Stab: Sleeping          |       |       |       |     1 ||     1
Armor: Skin              |    17 |    20 |    94 |    48 ||   179
Dodge: Dodged            |    33 |    28 |   104 |    61 ||   226
Block: Buckler           |       |       |       |     9 ||     9
